 Dungeon Crawl Stone Soup version 0.29.1-12-g30fa7ad0bf (webtiles) character file.

Game seed: 13225679176025133721

249 ChadusMaximus the Trooper (level 5, -4/48 HPs)
             Began as a Minotaur Fighter on Dec 12, 2022.
             Slain by an orc
             ... wielding a +0 trident
              (6 damage)
             ... on level 3 of the Dungeon.
             The game lasted 00:01:02 (1699 turns).

ChadusMaximus the Trooper (Minotaur Fighter)        Turns: 1699, Time: 00:01:03

Health: -4/48      AC:  7    Str: 23    XL:     5   Next: 86%
Magic:  4/4        EV:  9    Int:  5    God:
Gold:   40         SH:  4    Dex:  9    Spells: 4/4 levels left

rFire   . . .      SeeInvis .   a - +0 war axe
rCold   . . .      Faith    .   c - +0 buckler
rNeg    . . .      Spirit   .   b - +0 scale mail
rPois   .          Reflect  .   (helmet restricted)
rElec   .          Harm     .   (no cloak)
rCorr   .          Rampage  .   (no gloves)
Will    .....                   (no boots)
Stlth   ..........              (no amulet)
HPRegen 0.16/turn               (no ring)
MPRegen 0.09/turn               (no ring)

@: no status effects
A: horns 2, retaliatory headbutt
a: no special abilities


You were on level 3 of the Dungeon.
You visited 1 branch of the dungeon, and saw 3 of its levels.

You collected 40 gold pieces.

Inventory:

Hand Weapons
 a - a +0 war axe (weapon)
Armour
 b - a +0 scale mail (worn)
 c - a +0 buckler (worn)
Wands
 k - a wand of polymorph (2)
Scrolls
 h - a scroll of amnesia {unknown}
 j - a scroll of blinking {unknown}
 l - a scroll of noise {unknown}
 n - a scroll of poison {unknown}
 o - a scroll of vulnerability {unknown}
Potions
 d - 2 potions of might
 e - a potion of curing {unknown}
 f - a potion of degeneration {unknown}
 g - a potion of brilliance {unknown}
 i - a potion of attraction {unknown}
 m - a potion of flight {unknown}


   Skills:
 + Level 5.0 Fighting
 + Level 4.2 Axes
 + Level 5.0 Armour
 + Level 5.0 Shields


You had 4 spell levels left.
You didn't know any spells.
Your spell library contained the following spells:

 Spells                   Type           Power      Damage    Failure   Level
 Malign Gateway           Summ/Tloc      0%         N/A       100%        7
 Summon Horrible Things   Summ           0%         N/A       100%        8


Dungeon Overview and Level Annotations

Branches:
Dungeon (3/15)

Altars:


Innate Abilities, Weirdness & Mutations

You have a pair of horns on your head.
You reflexively headbutt those who attack you in melee.


Message History

There are monsters nearby!
The orc completely misses you. The orc closely misses you.
There are monsters nearby!
You closely miss the orc. The orc hits you with a +0 hand axe.
The orc hits you from afar with a +0 trident.
The orc barely misses you.
There are monsters nearby!
You slash the orc!
You kill the orc!
The orc hits you from afar with a +0 trident.
The orc hits you but does no damage. The orc closely misses you.
The orc hits you from afar with a +0 trident.
You block the orc priest's attack.
You barely miss the orc priest. You hit the orc. You block the orc's attack.
The orc priest barely misses you. You furiously retaliate!
You headbutt the orc priest.
The orc hits you from afar with a +0 trident. x2
You hit the orc priest but do no damage.
Your headbutt misses the orc priest.
The orc priest is heavily wounded.
You slash the orc!
You kill the orc!
The orc throws a boomerang.
You block the boomerang.
The orc priest hits you with a +0 falchion!
The orc hits you but does no damage.
You barely miss the orc priest.
The orc priest is heavily wounded.
The orc hits you from afar with a +0 trident. x2
The orc priest hits you with a +0 falchion.
* * * LOW HITPOINT WARNING * * *
The orc hits you from afar with a +0 trident.
* * * LOW HITPOINT WARNING * * *
The orc hits you but does no damage.
The orc priest mumbles some strange prayers to Beogh against you.
Pain shoots through your body!
* * * LOW HITPOINT WARNING * * *
You closely miss the orc priest.
The orc priest is heavily wounded.
The orc hits you from afar with a +0 trident.
You die...

#.. #...# ## ♣.......#..
#...# #. ♣......$#.#
#...# ###. ........#.#
#...###... ........#.#
#...##..#. ........#.#
###...##.##.
.....o..#.###........##.
......).#.....##......'.
......o@#.######.######.
.....o....# #.# #.
.######..## #.# #. ....#
#.# ## ..##.## #.# #..
#.# #.# ## #.# #.# #.#
#.. #.


You could see an orc priest and 2 orcs.

Vanquished Creatures
  Sigmund (D:2)
  Terence (D:2)
  3 adders
  5 orcs (D:3)
  2 endoplasms (D:2)
  3 goblins
  3 hobgoblins
  2 quokkas (D:1)
  3 ball pythons
  4 bats
  A frilled lizard (D:1)
  A rat (D:2)
29 creatures vanquished.

Vanquished Creatures (others)
  3 withered plants (D:3)
3 creatures vanquished.

Grand Total: 32 creatures vanquished

Notes
Turn   | Place    | Note
-------+----------+-------------------------------------------
     0 | D:1      | ChadusMaximus the Minotaur Fighter began the quest for the
                  | Orb.
     0 | D:1      | Reached XP level 1. HP: 19/19 MP: 0/0
   441 | D:1      | Reached XP level 2. HP: 27/27 MP: 1/1
  1127 | D:2      | Noticed Sigmund
  1136 | D:2      | Killed Sigmund
  1137 | D:2      | Reached XP level 3. HP: 34/35 MP: 2/2
  1137 | D:2      | Reached XP level 4. HP: 40/41 MP: 3/3
  1137 | D:2      | Reached XP level 5. HP: 45/47 MP: 4/4
  1189 | D:2      | Noticed Terence
  1197 | D:2      | Killed Terence
  1274 | D:2      | Reached skill level 5 in Fighting
  1569 | D:3      | Reached skill level 5 in Armour
  1569 | D:3      | Reached skill level 5 in Shields
  1698 | D:3      | HP: 1/48 [orc priest/nerve-wracking pain (5)]
  1699 | D:3      | Slain by an orc

Illustrated notes

Levels and vault maps discovered:
D:1:      dpeg_arrival_simpleton_c, layout_basic
D:2:      layout_loops_ring, kennysheep_doodads, uniq_terence, uniq_sigmund
D:3:      layout_basic, overflow_temple_1_default, dilly_guarded_unrand_morg

Skill      XL: |  1  2  3  4  5 |
---------------+----------------+-----
Fighting       | 4 5 |  5.0
Armour         | 4 5 |  5.0
Shields        | 4 5 |  5.0
Axes           | 4 |  4.2

Action                   |  1- 3 |  4- 6 || total
-------------------------+-------+-------++-------
Melee: War axe           |    37 |    29 ||    66
       Headbutt          |     4 |     4 ||     8
       Unarmed           |     4 |       ||     4
Armor: Scale mail        |    14 |    10 ||    24
       Skin              |     1 |       ||     1
Dodge: Dodged            |    19 |    13 ||    32
Block: Buckler           |     8 |    13 ||    21
